Map: Jagannatha EC

Players

Qbs

  • Race: Protoss Protoss
  • League: Platinum
  • Spawn Location: 7:00

Apceros - Winner!

  • Race: Zerg Zerg
  • League: Platinum
  • Spawn Location: 1:00

VOD

Have the link to the VOD?

Description

Time

  • Played on: Oct. 16, 2020, 10:44 a.m.
  • Length: 9:53
Show
View Real Time Build Order
Export as new Build Order

Qbs Protoss 

Build Orders:  

Get SALT Encoding   

  12  0:14  Probe  
  13  0:30  Pylon  
  13  0:37  Probe (Chrono Boost)  
  14  0:47  Probe (Chrono Boost)  
  15  0:52  Probe (Chrono Boost)  
  15  0:54  Gateway  
  15  0:55  Forge  
  16  1:01  Assimilator  
  16  1:03  Probe  
  17  1:23  Probe  
  18  1:25  Assimilator  
  18  1:34  Pylon  
  18  1:35  Probe  
  18  1:38  Pylon  
  18  1:47  Probe  
  18  1:52  Assimilator  
  18  1:53  Zealot  
  21  1:55  Pylon  
  21  2:00  Photon Cannon  
  21  2:02  Cybernetics Core  
  21  2:04  Probe (Chrono Boost)  
  22  2:17  Probe (Chrono Boost)  
  23  2:25  Probe (Chrono Boost)  
  24  2:31  Probe  
  25  2:39  Shield Battery  
  25  2:41  Warp Gate  
  25  2:43  Stalker  
  27  2:53  Probe  
  28  3:08  Nexus  
  28  3:11  Pylon  
  28  3:21  Adept  
  30  3:32  Twilight Council  
  30  3:35  Gateway  
  30  3:46  Gateway  
  30  4:05  Gateway  
  30  4:11  Pylon  
  30  4:13  Probe  
  31  4:21  Charge  
  31  4:25  Probe  
  31  4:29  Stargate  
  32  4:37  Probe  
  33  4:38  Probe  
  34  4:48  Stalker  
  34  4:49  Probe  
  34  4:50  Probe  
  38  4:53  Adept  
  38  4:57  Adept  
  42  5:10  Gateway  
  42  5:15  Shield Battery  
  42  5:20  Photon Cannon  
  42  5:22  Shield Battery  
  42  5:25  Pylon  
  42  5:27  Probe  
  43  5:29  Probe  
  44  5:36  Oracle  
  47  5:44  Sentry x2  
  47  5:48  Probe x2  
  53  5:52  Assimilator  
  53  6:00  Probe  
  52  6:27  Adept x2  
  52  6:28  Adept x3  
  62  6:50  Protoss Ground Weapons Level 1  
  62  7:04  Probe (Chrono Boost)  
  63  7:14  Stalker x4, Probe (Chrono Boost)  
  70  7:19  Probe (Chrono Boost)  
  69  7:29  Stalker  
  57  7:30  Probe  
  56  7:37  Stalker x3  
  56  7:38  Stalker  
  58  7:53  Void Ray (Chrono Boost)  
  58  7:56  Stalker  
  54  8:12  Stalker, Zealot  
  50  8:13  Zealot  
  34  8:35  Void Ray (Chrono Boost)  
  36  8:52  Stalker  
  36  8:53  Stalker  
Show
View Real Time Build Order
Export as new Build Order

Apceros Zerg - Winner!

Build Orders: Hatch First 

Get SALT Encoding   

  12  0:01  Drone  
  13  0:12  Overlord  
  13  0:17  Drone  
  14  0:31  Drone x2  
  16  0:51  Hatchery  
  16  0:53  Drone  
  16  0:57  Drone  
  17  1:09  Extractor  
  16  1:18  Spawning Pool  
  15  1:20  Drone  
  15  1:21  Drone  
  17  1:31  Drone  
  18  1:51  Drone x2  
  20  2:00  Overlord  
  20  2:06  Queen  
  20  2:07  Queen  
  24  2:08  Zergling x2  
  25  2:19  Zergling x4  
  25  2:22  Drone  
  28  2:42  Drone x4  
  28  2:43  Queen  
  34  2:48  Queen  
  36  3:01  Metabolic Boost  
  36  3:16  Overlord x2  
  36  3:36  Drone  
  36  3:37  Drone x9  
  46  3:51  Lair  
  46  3:53  Pneumatized Carapace  
  46  3:56  Extractor  
  46  3:57  Drone x3  
  46  3:58  Drone x3, Extractor  
  46  4:00  Overlord  
  50  4:29  Evolution Chamber  
  49  4:32  Roach Warren  
  49  4:34  Drone  
  49  4:35  Drone x2  
  51  4:47  Drone x4  
  51  4:52  Extractor  
  54  5:07  Spore Crawler  
  54  5:09  Spore Crawler  
  54  5:11  Roach x3  
  54  5:12  Roach  
  54  5:13  Glial Reconstitution  
  54  5:14  Overlord x2  
  60  5:17  Zerg Missile Weapons Level 1  
  60  5:27  Overlord  
  60  5:28  Overlord  
  60  5:32  Roach x2  
  60  5:33  Roach x3  
  70  5:45  Roach x2  
  70  5:46  Roach  
  76  5:59  Roach x5  
  76  6:00  Roach x2  
  90  6:06  Hatchery  
  89  6:22  Overlord x3  
  89  6:23  Overlord  
  87  6:44  Ravager  
  87  6:45  Ravager x4  
  87  6:46  Ravager x2  
  95  6:47  Ravager  
  95  6:56  Drone x3  
  95  6:58  Drone, Hydralisk Den  
  95  6:59  Drone x2  
  94  7:18  Roach  
  94  7:19  Roach x6  
  105  7:29  Roach  
  99  7:30  Roach x4  
  103  7:48  Roach  
  103  7:49  Roach x3  
  105  8:03  Drone  
  105  8:04  Drone x3  
  102  8:29  Muscular Augments, Hydralisk  
  102  8:30  Hydralisk x6  
  116  8:36  Evolution Chamber  
  113  8:48  Hatchery  
  110  8:54  Hydralisk x4  
  110  8:55  Hydralisk x2  
  115  9:20  Hydralisk  
  115  9:21  Hydralisk x3  
  115  9:23  Overlord  
  115  9:24  Overlord x2  
Tags
 
Add a new tag
Caveats
  • Supply blocks, unpowered buildings, or Contaminate may cause inaccurate times.
  • Supply counts are checked every 10 seconds.